 Dungeon Crawl Stone Soup version 0.18-a0-1639-g7533f42 (webtiles) character file.

2202 ithil the Covered (level 9, -5/82 HPs)
             Began as a Minotaur Fighter on Mar 27, 2016.
             Was a Believer of Ru.
             Killed by divine providence
             ... invoked by an orc priest
              (16 damage)
             ... on level 8 of the Dungeon.
             The game lasted 00:39:32 (6659 turns).

ithil the Covered (Minotaur Fighter)                Turns: 6659, Time: 00:39:33

Health: -5/82      AC: 14    Str: 22    XL:     9   Next: 12%
Magic:  8/8        EV: 11    Int:  6    God:    Ru [**....]
Gold:   560        SH: 10    Dex: 11    Spells: 0 memorised, 8 levels left

rFire  . . .     SeeInvis .     w - +0 long sword
rCold  . . .     Gourm    .     H - +0 chain mail
rNeg   . . .     Faith    .     t - +0 shield
rPois  .         Spirit   .     o - +1 hat
rElec  .         Dismiss  .     (no cloak)
rCorr  +         Reflect  .     j - +0 pair of gloves
SustAt .         Harm     .     J - +0 pair of boots
MR     .....     Clarity  +     u - amulet of rage
Stlth  ..........               (no ring)
                                k - ring of resist corrosion

@: not resistant to hostile enchantments, extremely unstealthy
A: retaliatory headbutt, horns 2, repulsion field 2, clarity, robust 1, no
stealth, unskilled 1
a: Renounce Religion, Evoke Berserk Rage


You were on level 8 of the Dungeon.
You worshipped Ru.
Ru was pleased with you.
You were not hungry.

You visited 1 branch of the dungeon, and saw 8 of its levels.

You collected 560 gold pieces.

Inventory:

Hand Weapons
 a - a +1 war axe
 p - a +2 whip of flaming
 w - a +0 long sword (weapon)
 F - a +0 greatsling
Armour
 j - a +0 pair of gloves (worn)
 o - a +1 hat (worn)
 t - a +0 shield (worn)
 H - a +0 chain mail (worn)
 J - a +0 pair of boots (worn)
Jewellery
 d - an uncursed ring of ice {unknown}
 k - a ring of resist corrosion (left hand)
 u - an amulet of rage (around neck)
 B - a +4 ring of evasion {unknown}
Wands
 b - a wand of iceblast (4/15)
 q - a wand of acid (7/15)
 r - a wand of flame (48/48)
 G - a wand of polymorph (9/24)
Scrolls
 e - 2 scrolls of remove curse
 g - 6 scrolls of teleportation
 y - a scroll of recharging
 A - a scroll of identify
 D - a scroll of magic mapping
Potions
 h - a potion of curing
 m - a potion of mutation
 s - a potion of degeneration {unknown}
 v - a potion of brilliance {unknown}
 z - 2 potions of might
 C - a potion of flight {unknown}
 E - a potion of cancellation {unknown}
Books
 i - a book of Envenomations

   Spells                             Type                      Level
   a - Spider Form                    Transmutation/Poison         3
   b - Olgreb's Toxic Radiance        Poison                       4
   c - Alistair's Intoxication        Transmutation/Poison         5
   d - Poisonous Cloud                Conjuration/Poison/Air       6
Comestibles
 c - 2 meat rations
 f - 2 bread rations
 l - a beef jerky
 x - 2 fruits
 I - a slice of pizza
 K - 2 chunks of flesh


   Skills:
 + Level 5.9 Fighting
 + Level 4.0 Long Blades
 + Level 4.0 Axes
 + Level 7.4 Armour
 + Level 5.5 Dodging
 + Level 6.6 Shields


You had 8 spell levels left.
You didn't know any spells.

Dungeon Overview and Level Annotations

Branches:
Dungeon (8/15)             Temple (0/1) D:4
   Lair: D:8-11

Altars:
Gozag
Okawaru
Pakellas
Ru
Yredelemnul
The Shining One


Innate Abilities, Weirdness & Mutations

You reflexively headbutt those who attack you in melee.
You have a pair of horns on your head.
You cannot be stealthy.
You are somewhat unskilled (-1 Apt).
You are surrounded by a moderate repulsion field (EV +3).
You possess an exceptional clarity of mind.
You are robust (+10% HP).


Message History

You block the centaur skeleton's attack.
The centaur skeleton hits you but does no damage.
You hit the centaur skeleton. You headbutt the centaur skeleton.
You block the centaur skeleton's attack.
The orc priest mumbles some strange prayers to Beogh against you.
Beogh smites you!
* * * LOW HITPOINT WARNING * * *
You focus your will and blind the orc priest in retribution!
The orc priest miscasts a cantrip.
You block the centaur skeleton's attack.
You redirect the orc priest's attack!
The centaur skeleton closely misses you.
The orc priest begins to pray, but is stunned by your will!
Drink which item? (? for menu, Esc to quit)
You feel better.
The centaur skeleton hits you but does no damage.
The centaur skeleton misses you.
The orc priest calls down the wrath of Beogh upon you.
Beogh smites you!
You die...

# #.## #.....#... #.
...##....$..? #.
.../....... ?
...#..###......##.#...
.....$o)).......#.#.##
...!.#.###o...........
... #.oo.o.##.#....# .
######o...#..#
###Z@...# #.....## ..
##..)...# .##
#.....#.# ..#
##.#.#.#.# ..
#..#.#.#. #.##.##.#...
#.#.(#..#..#
##...#...#..#


You could see 2 orc priests, 3 orcs and a centaur skeleton.

Vanquished Creatures
  Pikel (D:5)
  A hungry ghost (D:7)
  Menkaure (D:4)
  An orc warrior (D:8)
  An ice beast (D:7)
  A centaur (D:7)
  4 ogres
  A big kobold (D:7)
  3 giant frogs
  2 crimson imps
  A giant frog zombie (D:5)
  2 hounds
  3 orc wizards
  A centaur skeleton (D:7)
  Jessica (D:3)
  Terence (D:2)
  An iguana (D:6)
  3 worker ants
  A hound zombie (D:8)
  A hound skeleton (D:4)
  11 adders
  A shadow imp (D:5)
  An ooze (D:4)
  2 adder zombies (D:5)
  2 adder skeletons
  7 worms
  3 dart slugs
  5 giant geckos
  17 orcs
  4 giant cockroaches
  5 goblins
  A hobgoblin (D:1)
  7 jackals
  9 kobolds
  4 quokkas
  A ball python (D:2)
  14 bats
  A giant gecko skeleton (D:3)
  A giant gecko zombie (D:5)
  6 giant newts
  10 rats
143 creatures vanquished.

Vanquished Creatures (others)
  A slave (D:5)
  A worker ant (D:5)
  A howler monkey zombie (D:5)
  A shadow imp (D:5)
  A quokka (D:5)
5 creatures vanquished.

Grand Total: 148 creatures vanquished

Notes
Turn   | Place    | Note
--------------------------------------------------------------
     0 | D:1      | ithil the Minotaur Fighter began the quest for the Orb.
     0 | D:1      | Reached XP level 1. HP: 19/19 MP: 0/0
   104 | D:1      | Reached XP level 2. HP: 18/27 MP: 1/1
   204 | D:1      | You fall through a shaft!
   651 | D:1      | Reached XP level 3. HP: 30/33 MP: 2/2
   698 | D:1      | Reached skill level 1 in Dodging
   934 | D:2      | Reached skill level 4 in Armour
  1228 | D:2      | Reached XP level 4. HP: 23/40 MP: 3/3
  1284 | D:2      | Found a sacrificial altar of Ru.
  1297 | D:2      | Became a worshipper of Ru the Awakened
  1329 | D:2      | Noticed Terence
  1335 | D:2      | Killed Terence
  2143 | D:3      | Gained mutation: You are surrounded by a mild repulsion field (EV +2). [potion of mutation]
  2143 | D:3      | Gained mutation: You are robust (+10% HP). [potion of mutation]
  2143 | D:3      | Gained mutation: You possess an exceptional clarity of mind. [potion of mutation]
  2277 | D:3      | Reached XP level 5. HP: 51/51 MP: 4/4
  2304 | D:3      | Noticed Jessica
  2307 | D:3      | Killed Jessica
  2307 | D:3      | Reached skill level 5 in Armour
  2713 | D:4      | Found a staircase to the Ecumenical Temple.
  2794 | D:4      | Noticed an ogre
  2800 | D:4      | Killed an ogre
  2800 | D:4      | Reached skill level 5 in Fighting
  2800 | D:4      | Reached XP level 6. HP: 57/61 MP: 5/5
  2865 | D:4      | Gained mutation: You are somewhat unskilled (-1 Apt). [Ru sacrifice]
  2865 | D:4      | Reduced skill Armour to level 4
  2865 | D:4      | Reached * piety under Ru
  2958 | D:4      | Reached skill level 1 in Stealth
  2996 | D:4      | Noticed Menkaure
  3016 | D:4      | Reached skill level 5 in Armour
  3549 | D:4      | Killed Menkaure
  3549 | D:4      | Reached skill level 5 in Shields
  3549 | D:4      | Reached XP level 7. HP: 26/66 MP: 6/6
  3560 | D:4      | Found an iron altar of Okawaru.
  3897 | D:5      | Entered Level 5 of the Dungeon
  3966 | D:5      | Noticed Pikel
  4006 | D:5      | Killed Pikel
  4006 | D:5      | Reached skill level 5 in Fighting
  4006 | D:5      | Reached skill level 1 in Long Blades
  4006 | D:5      | Reached skill level 6 in Armour
  4006 | D:5      | Reached XP level 8. HP: 23/74 MP: 7/7
  5115 | D:6      | Gained mutation: You are surrounded by a moderate repulsion field (EV +3). [potion of beneficial mutation]
  5637 | D:6      | Gained mutation: You cannot be stealthy. [Ru sacrifice]
  5637 | D:6      | Reached ** piety under Ru
  5661 | D:6      | Found an opulent altar of Gozag.
  5663 | D:6      | Found a basalt altar of Yredelemnul.
  5994 | D:7      | Reached skill level 5 in Dodging
  6034 | D:7      | Found an oddly glowing altar of Pakellas.
  6081 | D:7      | Found a glowing golden altar of the Shining One.
  6093 | D:7      | Reached skill level 7 in Armour
  6557 | D:8      | Reached XP level 9. HP: 79/82 MP: 8/8
  6652 | D:8      | HP: 3/82 [orc priest/divine providence (12)]
  6659 | D:8      | Killed from afar by an orc priest

Vault maps used:
D:1:      minmay_arrival_floating_metal
D:2:      forest_paths, lemuel_doored_altar, first_bread, corexii_corridor_pit,
          uniq_terence
D:3:      st_stairs_6, uniq_jessica
D:4:      overflow_temple_1_default, minmay_temple_entry_purple_smoke,
          kennysheep_generic_room_12, uniq_menkaure
D:5:      dk_vineyard_2, uniq_pikel
D:6:      minitemple
D:7:      lemuel_round_altar, nicolae_tso_carved_into_rock
D:8:      special_room

Skill      XL: |  1  2  3  4  5  6  7  8  9 |
---------------+----------------------------+-----
Shields        | 4 5 6 |  6.6
Fighting       | 4 5 4 5 |  5.9
Dodging        | 1 2 4 5 |  5.5
Armour         | 4 5 5 6 7 |  7.4
Axes           | 3 4 |  4.0
Stealth        | 1 0 |  0.0
Long Blades    | 1 3 4 |  4.0

Action                   |  1- 3 |  4- 6 |  7- 9 || total
-------------------------+-------+-------+-------++-------
Melee: War axe           |    91 |   100 |       ||   191
       Falchion          |       |    65 |    27 ||    92
       Long sword        |       |       |   203 ||   203
Invok: Sacrifice Skill   |       |     1 |       ||     1
       Sacrifice Stealth |       |       |     1 ||     1
  Use: Scroll            |       |    12 |     4 ||    16
       Potion            |       |     6 |     4 ||    10
 Stab: Distracted        |       |       |     1 ||     1
  Eat: Chunk             |     1 |     2 |     4 ||     7
       Bread ration      |       |     1 |       ||     1
       Meat ration       |       |     1 |     1 ||     2
       Fruit             |       |       |     2 ||     2
       Pizza             |       |       |     1 ||     1
